Unix NetHack Version 5.0.0-0 post-release - last build Jun 10 2026 00:39:30 (3ee93aec679c4c4259841fe613dc97188e26a321,branch:main).

Game began 2026-06-11 17:20:59, ended 2026-06-11 20:53:30.

Ch3Begorrah, chaotic male human Rogue

    -----------
   #-..`......|
   #|..........#####                                ----------------
   #|.....{..(|    #                                |...............#
   #-----------    ###              0###############.......%.......|#
   )                 ##  ------                     |..............|#
   #                  ###.....-##                   ----------.-----#
   @#                   #|....| ####                       ####     #
    ###                  |....|    ##                   ####        #
      #                  |.>..|     #####       0#######################0
 ---  #                  ------         ##    ---------.------    #---.--.--
 |[[  #                                  #####-..............|     |.......|
 |[[.-#                                       |.......<......|     |.......|
 |[[.                                         |..............|     |.......|
 |[[                                          |..............|     |.......|
 ---                                          ----------------     ........|
                                                                   ---------

Ch3Begorrah the Rogue   St:16 Dx:15 Co:15 In:9 Wi:9 Ch:12  Chaotic
Dlvl:8  $:549 HP:0(59) Pw:26(26) AC:5  Xp:6 T:3095 

Latest messages:
 i - a yellow spellbook.
 k - an orange gem.
 You hear some noises in the distance.
 Something is written here in the dust.
 You read: "Vl d wa? ncre".
 You hear some noises in the distance.
 You hear water falling on coins.
 In what direction? k
 You throw 3 daggers.
 The 1st dagger hits the white unicorn.
 The 2nd dagger hits the white unicorn.
 The 3rd dagger hits the white unicorn!
 The white unicorn misses!
 The white unicorn kicks!
 The white unicorn misses!
 The white unicorn kicks!
 In what direction? k
 The dagger hits the white unicorn.
 The white unicorn butts!
 The white unicorn kicks!
 The white unicorn butts!
 The white unicorn kicks!
 You are no longer invisible.
 What do you want to drink? [dgIPR or ?*] ?
 Never mind.
 In what direction? k
 The dagger hits the white unicorn.
 It misses the white unicorn.
 The white unicorn butts!
 The white unicorn kicks!
 The white unicorn butts!
 The white unicorn misses!
 You hear some noises.
 What do you want to write with? [- bktvxAEHT-V or ?*] -
 You write in the dust with your fingertip.
 What do you want to write in the dust here? Elbereth
 Something is written here in the dust.
 You read: "Elbereth".
 You see no objects here.
 What do you want to write with? [- bktvxAEHT-V or ?*] ?
 Do you want to add to the current engraving? [ynq] (y) y
 You add to the writing in the dust with a short wand.
 What do you want to add to the writing in the dust here? .
 The wand unsuccessfully fights your attempt to write!
 What do you want to call? [agi-kqt-xA-CHIMNQRU or ?*] U
 Call a short wand: Striking
 What do you want to drink? [dgIPR or ?*] ?
 This burns like acid!
 You die...
 Do you want your possessions identified? [ynq] (y) q

Inventory:
 Coins    ('$')
  $ - 549 gold pieces
 Weapons  (')')
  V - 14 rusty +0 arrows
  b - a +0 dagger (weapon in right hand)
  T - 10 +0 daggers (at the ready)
 Armor    ('[')
  M - an uncursed +0 helmet (being worn)
  j - a blessed +1 orcish helm
  B - a blessed +1 pair of kicking boots (being worn)
  c - an uncursed burnt +1 leather armor (being worn)
 Comestibles  ('%')
  h - 2 uncursed slime molds
  m - 5 uncursed food rations
  X - an uncursed fortune cookie
 Scrolls  ('?')
  a - an uncursed scroll of amnesia
  q - an uncursed scroll of confuse monster named ok
  u - a cursed scroll of enchant armor
  C - an uncursed scroll of enchant weapon
  Q - an uncursed scroll of identify
  N - an uncursed scroll of scare monster
 Spellbooks  ('+')
  i - an uncursed spellbook of fireball
 Potions  ('!')
  I - an uncursed potion of fruit juice
  R - an uncursed potion of gain ability
  d - an uncursed potion of sickness
  P - an uncursed potion of speed
 Rings    ('=')
  H - an uncursed ring of searching (on left hand)
 Wands    ('/')
  v - a wand of make invisible (0:4)
  U - a wand of striking (0:3)
 Tools    ('(')
  f - an empty uncursed sack
  e - an uncursed lock pick named C
  G - an uncursed tin opener
  w - an uncursed tin whistle
  E - an uncursed towel
 Gems/Stones  ('*')
  A - 2 uncursed jet stones
  k - an uncursed worthless piece of orange glass
  t - an uncursed worthless piece of violet glass
  x - an uncursed worthless piece of white glass

Ch3Begorrah the Rogue's attributes:

Background:
 You were a Rogue, level 6 male human.
 You were chaotic, nominally on a mission for Kos
 who was opposed by Issek (lawful) and Mog (neutral).
 You were right-handed.
 You were in the Dungeons of Doom, on level 8.
 You entered the dungeon 3095 turns ago.
 You had 395 experience points, 245 more were needed to attain level 7.

Basics:
 You had 0 out of 59 hit points.
 You had all 26 energy points (spell power).
 Your armor class was 5.
 Your wallet contained 549 zorkmids.
 Autopickup was on for '$!/(' plus thrown, with exceptions.

Final Characteristics:
 Your strength was 16 (limit:18/100).
 Your dexterity was 15 (limit:18).
 Your constitution was 15 (limit:18).
 Your intelligence was 9 (limit:18).
 Your wisdom was 9 (limit:18).
 Your charisma was 12 (limit:18).

Final Status:
 You weren't hungry.
 You were unencumbered.
 You were wielding a dagger.
 You were skilled in dagger.

Final Attributes:
 You were piously aligned.
 You had automatic searching.
 You were stealthy.
 You were warded.
 You were fast.
 You are dead.

Miscellaneous:
 You didn't encounter any bones levels.
 Total elapsed playing time was 27 minutes and 54 seconds.

Major events:
 Turn
    1: Ch3Begorrah the chaotic male human Rogue entered the dungeon
  699: attained the rank of Cutpurse (level 3)
 1011: entered the Gnomish Mines
 2830: attained the rank of Rogue (level 6)
 3095: killed by a potion of acid

You didn't know any spells.

Skills:
 Fighting Skills
   bare handed combat [Unskilled]
   two weapon combat  [Unskilled]
   riding             [Unskilled]
 Weapon Skills
   dagger             [Skilled]
   knife              [Unskilled]
   short sword        [Basic]
   broadsword         [Unskilled]
   long sword         [Unskilled]
   two-handed sword   [Unskilled]
   saber              [Unskilled]
   club               [Unskilled]
   mace               [Unskilled]
   morning star       [Unskilled]
   flail              [Unskilled]
   hammer             [Unskilled]
   polearms           [Unskilled]
   spear              [Unskilled]
   crossbow           [Unskilled]
   dart               [Unskilled]
   shuriken           [Unskilled]
 Spellcasting Skills
   divination spells  [Unskilled]
   escape spells      [Unskilled]
   matter spells      [Unskilled]

Voluntary challenges:
 Character rerolling was not enabled.
 You followed a strict vegan diet.
 You were an atheist.
 You never genocided any monsters.
 You never polymorphed an object.
 You never changed form.
 You used no wishes.
Achievements:
 You attained the rank of Cutpurse.
 You entered the Gnomish Mines.
 You entered a shop.
 You attained the rank of Rogue.

 The Dungeons of Doom: levels 1 to 9
    Level 1:
    Level 2:
    Level 3:
       Stairs down to The Gnomish Mines.
    Level 4:
       A general store.
    Level 5:
    Level 6:
    Level 7:
       A throne, a grave.
    Level 8: <- You were here.
       A fountain.
       Final resting place for
          you, killed by a potion of acid.
    Level 9:
 The Gnomish Mines:
    Level 4:


Vanquished creatures:
  a gnome ruler
  a human zombie
  3 bugbears
  a rock piercer
  a yellow light
  3 gnome leaders
  a gnomish wizard
  4 floating eyes
  a kobold leader
  a hill orc
  2 rothes
  a giant bat
  a coyote
  a hobbit
  4 manes
  a large kobold
  8 hobgoblins
  a giant rat
  2 cave spiders
  a brown mold
  2 yellow molds
  a green mold
  a red mold
  2 gnomes
  a gnome zombie
  2 geckos
  a jackal
  3 foxes
  a kobold
  4 goblins
  a sewer rat
  3 grid bugs
  5 lichens
  3 kobold zombies
  4 newts
73 creatures vanquished.

No species were genocided or became extinct.

Game over:
                       ----------
                      /          \
                     /    REST    \
                    /      IN      \
                   /     PEACE      \
                  /                  \
                  |   Ch3Begorrah    |
                  |      549 Au      |
                  |   killed by a    |
                  |  potion of acid  |
                  |                  |
                  |                  |
                  |       2026       |
                 *|     *  *  *      | *
        _________)/\\_//(\/(/\)/\//\/|_)_______

Goodbye Ch3Begorrah the Rogue...

You died in The Dungeons of Doom on dungeon level 8 with 2525 points,
and 549 pieces of gold, after 3095 moves.
You were level 6 with a maximum of 59 hit points when you died.

